 Dungeon Crawl Stone Soup version 0.27-a0-1591-gc56fcc985a (webtiles) character file.

Game seed: 9843939627181749690

84 Anon1729 the Insei (level 4, -2/35 HPs)
             Began as a Merfolk Monk on July 19, 2021.
             Was a Believer of the Shining One.
             Slain by a kobold (4 damage)
             ... on level 3 of the Dungeon.
             The game lasted 00:01:42 (2515 turns).

Anon1729 the Insei (Merfolk Monk)                   Turns: 2515, Time: 00:01:42

Health: -2/35      AC:  2    Str: 11    XL:     4   Next: 46%
Magic:  3/5        EV: 13    Int: 10    God:    the Shining One [**....]
Gold:   77         SH:  6    Dex: 16    Spells: 3/3 levels left

rFire    . . .     SeeInvis .     - Unarmed
rCold    . . .     Faith    .   (no shield)
rNeg     + . .     Spirit   .   a - +0 robe
rPois    .         Reflect  .   (no helmet)
rElec    .         Harm     .   (no cloak)
rCorr    .         Rampage  .   (no gloves)
Will     .....                  (no boots)
Stlth    +.........             (no amulet)
HPRegen  0.11/turn              (no ring)
MPRegen  0.09/turn              (no ring)

@: divinely shielded, glowing
A: (nimble swimmer 2), mertail
a: Renounce Religion, Divine Shield


You were on level 3 of the Dungeon.
You worshipped the Shining One.
The Shining One was pleased with you.
You visited 1 branch of the dungeon, and saw 3 of its levels.

You collected 77 gold pieces.

Inventory:

Armour
 a - a +0 robe (worn)
Scrolls
 b - a scroll of teleportation {unknown}
 c - a scroll of holy word {unknown}
 d - 2 scrolls of blinking {unknown}
 f - a scroll of brand weapon {unknown}
 g - 3 scrolls of acquirement {unknown}
 h - 2 scrolls of enchant armour {unknown}
 i - a scroll of identify {unknown}
 j - a scroll of fear {unknown}
 k - a scroll of magic mapping {unknown}
 m - a scroll of immolation {unknown}
Potions
 e - a potion of cancellation {unknown}
 l - a potion of curing {unknown}
 n - a potion of berserk rage {unknown}
 o - a potion of mutation {unknown}
 p - a potion of attraction {unknown}


   Skills:
 - Level 3.2 Fighting
 - Level 4.0 Dodging
 - Level 2.1 Stealth
 + Level 5.1 Unarmed Combat
 + Level 2.1 Invocations


You had 3 spell levels left.
You didn't know any spells.
Your spell library was empty.

Dungeon Overview and Level Annotations

Branches:
Dungeon (3/15)

Altars:
The Shining One


Innate Abilities, Weirdness & Mutations

((You are quick and stealthy near water. (Stealth+, EV+, Speed+++)))
Your lower body shifts to a powerful aquatic tail in water.


Message History

A divine shield forms around you! The iguana bites you.
You hit the iguana.
The iguana is severely wounded.
The iguana barely misses you.
You barely miss the iguana.
The iguana is severely wounded.
The iguana barely misses you.
You hit the iguana. Your punch misses the iguana.
The iguana is severely wounded.
You block the iguana's attack.
You hit the iguana but do no damage.
The iguana is severely wounded.
The iguana misses you.
You hit the iguana but do no damage. You punch the iguana, but do no damage.
The iguana is severely wounded.
The iguana barely misses you.
You barely miss the iguana.
The iguana is severely wounded.
The iguana bites you!
* * * LOW HITPOINT WARNING * * *
You barely miss the iguana.
The iguana is severely wounded.
You block the iguana's attack.
You barely miss the iguana.
The iguana is severely wounded.
You block the iguana's attack.
You hit the iguana.
The iguana is almost dead.
A kobold comes into view. It is wielding a +0 club.
The iguana bites you.
* * * LOW HITPOINT WARNING * * *
The kobold shouts!
You hit the iguana.
You kill the iguana!
Your Unarmed Combat skill increases to level 5!
Your Invocations skill increases to level 2!
You aren't carrying any items that you can evoke.
You see here an iguana corpse.
You closely miss the kobold. The kobold hits you with a +0 club.
You die...

#.#...## #.#....
##.....# ..#...#
.....# #..[.#
#....# #@..#
##K..######
#####........$.
.
........#######
# #####.#.## #
#.#..## #
#.##..######## #
#.
##........######
..
########..^...#


You could see a kobold.

Vanquished Creatures
  An iguana (D:3)
  An adder (D:2)
  A dart slug (D:3)
  2 ball pythons (D:1)
  7 bats
  3 endoplasms
  2 giant cockroaches
  6 goblins
  7 hobgoblins
  A quokka (D:2)
  4 frilled lizards (D:1)
  7 kobolds
  4 rats
46 creatures vanquished.

Notes
Turn   | Place    | Note
-------+----------+-------------------------------------------
     0 | D:1      | Anon1729 the Merfolk Monk began the quest for the Orb.
     0 | D:1      | Reached XP level 1. HP: 18/18 MP: 1/1
    52 | D:1      | Reached XP level 2. HP: 9/24 MP: 2/2
   281 | D:1      | Reached skill level 4 in Unarmed Combat
   371 | D:1      | Found a faded altar of an unknown god.
   372 | D:1      | Noticed a floating eye
   379 | D:1      | Noticed a floating eye
   382 | D:1      | Noticed a golden eye
   382 | D:1      | Noticed a shining eye
   392 | D:1      | Became a worshipper of the Shining One
   392 | D:1      | Reached * piety under the Shining One
   392 | D:1      | Reached ** piety under the Shining One
   953 | D:1      | Reached XP level 3. HP: 29/29 MP: 3/3
  1665 | D:2      | Reached skill level 1 in Invocations
  2497 | D:3      | Reached XP level 4. HP: 32/35 MP: 5/5
  2511 | D:3      | HP: 1/35 [iguana (3)]
  2513 | D:3      | Reached skill level 5 in Unarmed Combat
  2515 | D:3      | Slain by a kobold

Illustrated notes

Levels and vault maps discovered:
D:1:      onia_arrival_mini_spirals, layout_basic,
          hellmonk_ecumenical_altar_watching_god
D:2:      layout_basic
D:3:      layout_rooms, vehumet_statue, serial_shops, nicolae_shop_trees,
          minivault_11

Skill      XL: |  1  2  3  4 |
---------------+-------------+-----
Unarmed Combat | 4 5 |  5.1
Invocations    | 1 2 |  2.1
Fighting       | |  3.2
Dodging        | |  4.0
Stealth        | |  2.1

Action                   |  1- 3 |  4- 6 || total
-------------------------+-------+-------++-------
Melee: Unarmed           |   127 |    15 ||   142
       Punch             |     2 |     1 ||     3
Invok: Divine Shield     |       |     1 ||     1
Armor: Robe              |    24 |       ||    24
Dodge: Dodged            |   105 |     5 ||   110
Block: Other             |       |     3 ||     3

Table legend: (Time is in decaauts)
 A = Elapsed time spent in this place.
 B = Non-inter-level travel time spent in this place.
 C = Inter-level travel time spent in this place.
 D = Time resting spent in this place.
 E = Time spent auto-exploring this place.
 F = Levels seen in this place.
 G = Mean time per level.
                   A        B        C        D        E       F      G
               +--------+--------+--------+--------+--------+-----+--------+
         Total |   2504 |   2457 |     47 |    178 |   1991 |   3 |  834.7 |
       Dungeon |   2504 |   2457 |     47 |    178 |   1991 |   3 |  834.7 |
               +--------+--------+--------+--------+--------+-----+--------+

Top non-repeatable levels by time:
     D:1: 1417 daAuts
     D:2: 1037 daAuts
     D:3: 49 daAuts
